 Dungeon Crawl Stone Soup version 0.24.1-4-ge52af88ad5 (webtiles) character file.

Game seed: 16763185958444437952, levelgen mode: deterministic

48 Curus the Chopper (level 3, -2/31 HPs)
             Began as a Hill Orc Abyssal Knight on Apr 14, 2020.
             Was a Believer of Lugonu.
             Slain by a worm (8 damage)
             ... on level 2 of the Dungeon.
             The game lasted 00:04:09 (1480 turns).

Curus the Chopper (Hill Orc Abyssal Knight)         Turns: 1480, Time: 00:04:10

Health: -2/31      AC:  3    Str: 14    XL:     3   Next: 72%
Magic:  6/6        EV: 11    Int: 12    God:    Lugonu [**....]
Gold:   86         SH:  0    Dex: 11    Spells: 2/2 levels left

rFire    . . .     SeeInvis .   a - +1 hand axe
rCold    . . .     Gourm    .   (no shield)
rNeg     . . .     Faith    +   b - +0 leather armour
rPois    .         Spirit   .   (no helmet)
rElec    .         Reflect  .   (no cloak)
rCorr    .         Harm     .   (no gloves)
MR       .....     Rnd*Tele +   (no boots)
Stlth    ++........             d - amulet of faith
HPRegen  0.10/turn              f - ring of teleportation (curse)
MPRegen  0.10/turn              h - ring of stealth

@: no status effects
A: no striking features
a: Depart the Abyss, Bend Space, Renounce Religion


You were on level 2 of the Dungeon.
You worshipped Lugonu.
Lugonu was pleased with you.
You were not hungry.

You visited 1 branch of the dungeon, and saw 2 of its levels.
You visited the Abyss 1 time.

You collected 86 gold pieces.

Inventory:

Hand Weapons
 a - a +1 hand axe (weapon)
Armour
 b - a +0 leather armour (worn)
Jewellery
 d - an amulet of faith (around neck)
 f - a cursed ring of teleportation (left hand)
 h - a ring of stealth (right hand)
Scrolls
 e - a scroll of identify
Comestibles
 c - 3 rations


   Skills:
 - Level 3.6 Fighting
 + Level 4.1 Axes
 - Level 2.1 Armour
 - Level 0.7 Dodging
 + Level 4.0 Invocations


You had 2 spell levels left.
You didn't know any spells.
Your spell library was empty.

Dungeon Overview and Level Annotations

Branches:
Dungeon (2/15)

Altars:


Message History

The worm is lightly wounded.
The worm barely misses you.
You hit the worm.
The worm is moderately wounded.
You hit the worm.
The worm is heavily wounded.
The worm bites you!
You barely miss the worm.
The worm is heavily wounded.
The worm closely misses you.
You barely miss the worm.
The worm is moderately wounded.
You hit the worm.
The worm is heavily wounded.
The worm bites you.
* * * LOW HITPOINT WARNING * * *
You hit the worm.
The worm is heavily wounded.
The worm bites you!
You die...

######
#รท(..#####..
.
##..........#
##.......###
#.....#..###
##....#....# .
##...#..#...#
.. ###.#@.#
### ...
#..w...# ...
.............
....
##############
...# # #


You could see a worm.

Vanquished Creatures
  2 adders (D:2)
  A giant cockroach (D:1)
  6 goblins
  6 hobgoblins
  6 kobolds
  2 bats
  A frilled lizard (D:1)
  5 rats
29 creatures vanquished.

Notes
Turn   | Place    | Note
-------+----------+-------------------------------------------
     0 | Abyss:1  | Curus the Hill Orc Abyssal Knight began the quest for the
                  | Orb.
     0 | Abyss:1  | Reached XP level 1. HP: 19/19 MP: 2/2
     4 | Abyss:1  | Found a corrupted altar of Lugonu.
   121 | Abyss:1  | Found a corrupted altar of Lugonu.
   127 | Abyss:1  | Found a corrupted altar of Lugonu.
   233 | Abyss:1  | Noticed an iron imp
   234 | Abyss:1  | Noticed a dire elephant skeleton
   237 | D:1      | Escaped the Abyss
   240 | D:1      | Noticed a halfling
   240 | D:1      | Noticed a draconian
   242 | D:1      | Noticed a vampire
   244 | D:1      | Noticed a gargoyle
   244 | D:1      | Noticed a vine stalker
   246 | D:1      | Noticed a minotaur
   246 | D:1      | Noticed a troll
   248 | D:1      | Noticed a merfolk
   248 | D:1      | Noticed a tengu
   250 | D:1      | Noticed a dwarf
   250 | D:1      | Noticed a felid
   252 | D:1      | Noticed a naga
   252 | D:1      | Noticed an octopode
   254 | D:1      | Noticed an elf
   254 | D:1      | Noticed a formicid
   256 | D:1      | Noticed a demonspawn
   256 | D:1      | Noticed a demigod
   258 | D:1      | Noticed a spriggan
   260 | D:1      | Noticed a human
   260 | D:1      | Noticed an ogre
   264 | D:1      | Noticed a centaur
   264 | D:1      | Noticed a ghoul
   300 | D:1      | Reached * piety under Lugonu
   342 | D:1      | Reached XP level 2. HP: 25/26 MP: 4/4
  1127 | D:2      | Reached XP level 3. HP: 25/31 MP: 5/5
  1164 | D:2      | Reached ** piety under Lugonu
  1480 | D:2      | Slain by a worm

Levels and vault maps discovered:
D:1:      kb_arrival_jail, layout_basic
D:2:      layout_basic, marbit_many_paths, minitemple, serial_glass,
          glass_columns_a, glass_columns_c, glass_columns_c, glass_columns_b,
          glass_columns_b, uniq_terence

Skill      XL: |  1  2  3 |
---------------+----------+-----
Axes           | 3 4 |  4.1
Invocations    | 3 4 |  4.0
Fighting       | |  3.6
Armour         | |  2.1
Dodging        | |  0.7

Action                   || total
-------------------------++-------
Melee: Hand axe          ||    91
Invok: Depart the Abyss  ||     1
  Use: Scroll            ||     2
       Potion            ||     5
 Stab: Sleeping          ||     1
  Eat: Chunk             ||     2
Armor: Leather armour    ||    22
Dodge: Dodged            ||    49
